 Dungeon Crawl Stone Soup version 0.30-a0-722-g3e6e8c874d (webtiles) character file.

Game seed: 7308181055872643420

970 Darius099 the Basher (level 8, 0/46 HPs)
             Began as a Gargoyle Fighter on Jan 27, 2023.
             Was a Follower of Okawaru.
             Slain by an orc
             ... wielding a +0 trident
              (3 damage)
             ... on level 6 of the Dungeon.
             The game lasted 00:06:37 (5403 turns).

Darius099 the Basher (Gargoyle Fighter)             Turns: 5403, Time: 00:06:38

Health: 0/46       AC: 14    Str: 20    XL:     8   Next: 16%
Magic:  8/8        EV:  7    Int:  9    God:    Okawaru [*.....]
Gold:   207        SH:  0    Dex: 11    Spells: 7/7 levels left

rFire   + . .      SeeInvis .    a - +0 flail
rCold   + . .      Faith    .    c - +0 buckler
rNeg    + + .      Spirit   .    q - +0 chain mail
rPois   ∞          Reflect  .    (no helmet)
rElec   +          Harm     .    v - scarf {rC+ rF+}
rCorr   .          Rampage  .    (no gloves)
Will    .....                    (no boots) Stlth
                                 (no amulet)
HPRegen 0.27/turn                w - ring of positive energy
MPRegen 0.11/turn                (no ring)

@: confused
A: sickness immunity, AC +5, negative energy resistance 1, electricity
resistance, torment resistance 1, petrification resistance
a: Renounce Religion, Heroism


You were on level 6 of the Dungeon.
You worshipped Okawaru.
Okawaru was aware of your devotion.
You visited 2 branches of the dungeon, and saw 7 of its levels.

You collected 207 gold pieces.

Inventory:

Hand Weapons
 a - a +0 flail (weapon)
Armour
 c - a +0 buckler (worn)
 i - a +0 cloak
 q - a +0 chain mail (worn)
 v - a scarf of resistance (worn)
Jewellery
 w - a ring of positive energy (left hand)
Scrolls
 b - a scroll of noise {unknown}
 e - 2 scrolls of teleportation {unknown}
 g - a scroll of blinking {unknown}
 h - a scroll of fear {unknown}
 j - a scroll of silence {unknown}
 l - a scroll of magic mapping {unknown}
 m - a scroll of amnesia {unknown}
 n - 2 scrolls of enchant armour {unknown}
 o - a scroll of enchant weapon {unknown}
 r - a scroll of identify
 t - a scroll of immolation {unknown}
 u - a scroll of vulnerability {unknown}
Potions
 d - 2 potions of might
 f - a potion of attraction
 k - 2 potions of magic
 s - 2 potions of lignification {unknown}
 x - a potion of flight {unknown}
 z - a potion of invisibility {unknown}


   Skills:
 - Level 3.2 Fighting
 + Level 9.4 Maces & Flails
 - Level 3.2 Armour
 - Level 3.2 Shields


You had 7 spell levels left.
You didn't know any spells.
Your spell library contained the following spells:

 Spells                   Type           Power      Damage    Failure   Level
 Freeze                   Ice            0%         1d3       99%         1
 Magic Dart               Conj           0%         1d3       99%         1
 Searing Ray              Conj           0%         2d4       100%        2
 Frozen Ramparts          Ice            0%         1d1       100%        3
 Hailstorm                Conj/Ice       0%         3d3       100%        3
 Portal Projectile        Hex/Tloc       0%         N/A       100%        3
 Swiftness                Air            0%         N/A       100%        3
 Fulminant Prism          Conj/Hex       0%         3d5       100%        4
 Summon Lightning Spire   Summ/Air       Unusable   N/A       N/A         4

Dungeon Overview and Level Annotations

Branches:
Dungeon (6/15)             Temple (1/1) D:4

Altars:
Cheibriados
Dithmenos
Elyvilon
Gozag
Kikubaaqudgha
Nemelex Xobeh
Okawaru
Qazlal
Vehumet
Yredelemnul
Lugonu

Portals:
Abyss: D:4


Innate Abilities, Weirdness & Mutations

You are immune to sickness and miasma.
Your stone body is resilient. (AC +5)
You are immune to poison.
You resist negative energy. (rN+)
You are resistant to electric shocks. (rElec)
You are resistant to unholy torment.
You are immune to petrification.


Message History

The orc hits you from afar with a +0 trident.
The orc hits you but does no damage. The orc barely misses you.
You hit the orc.
The orc is moderately wounded.
You hit the orc.
The orc is almost dead.
The orc hits you but does no damage.
The orc hits you from afar with a +0 trident.
* * * LOW HITPOINT WARNING * * *
You block the orc's attack.
A puff of flame appears from out of thin air!
The puff of flame misses you.
The orc hits you from afar with a +0 trident.
* * * LOW HITPOINT WARNING * * *
The orc throws a boomerang.
You block the boomerang.
You open the door. The orc hits you but does no damage.
You block the orc's attack. The orc completely misses you.
There is an open door here.
The orc barely misses you.
The orc hits you from afar with a +0 trident.
* * * LOW HITPOINT WARNING * * *
The orc hits you but does no damage.
You closely miss the orc.
The orc is almost dead.
The orc barely misses you. The orc hits you but does no damage. x2
You hit the orc.
You kill the orc!
Okawaru accepts your kill.
You hear some strange, mumbled words.
You are confused.
The orc hits you but does no damage.
The orc hits you from afar with a +0 trident.
* * * LOW HITPOINT WARNING * * *
You bump into the rock wall.
The orc throws a boomerang.
The boomerang barely misses you. The orc barely misses you.
You completely miss something. Something hits you.
* * * LOW HITPOINT WARNING * * *
The orc hits you from afar with a +0 trident.
You die...

##.......###.....###.#
###.
#.........###........#
....
+.........'..o....####
##.#
#.........###....##
##.......## #.#.##
##.....## ......
##oo.## ##.####.#
##)## #.# # #@# #.#
#.# #.. #.# ##. ...
..... ##...## .....
#####


You could see 2 orcs.

Vanquished Creatures
  Prince Ribbit (D:6)
  A steam dragon (D:6)
  A centaur (D:5)
  A phantom (D:6)
  A scorpion (D:5)
  A howler monkey (D:6)
  2 hounds (D:4)
  2 jellies
  3 iguanas
  Robin (D:4)
  7 adders
  A shadow imp (D:5)
  2 worms (D:2)
  A dart slug (D:3)
  3 orcs
  5 endoplasms
  4 giant cockroaches
  10 hobgoblins
  4 jackals (D:3)
  10 kobolds
  6 quokkas
  8 ball pythons
  11 bats
  A frilled lizard (D:2)
  10 goblins
  26 rats
123 creatures vanquished.

Vanquished Creatures (others)
  A lurking horror (D:4)
1 creature vanquished.

Grand Total: 124 creatures vanquished

Notes
Turn   | Place    | Note
-------+----------+-------------------------------------------
     0 | D:1      | Darius099 the Gargoyle Fighter began the quest for the Orb.
     0 | D:1      | Reached XP level 1. HP: 14/14 MP: 1/1
   133 | D:1      | Reached XP level 2. HP: 19/19 MP: 2/2
   349 | D:1      | Found a faded altar of an unknown god.
   352 | D:1      | Reached skill level 3 in Maces & Flails
   949 | D:2      | Reached XP level 3. HP: 12/23 MP: 3/3
  1364 | D:2      | Got the Tractate on the Jinx and Lightning
  1454 | D:2      | Reached skill level 4 in Maces & Flails
  1819 | D:2      | Reached XP level 4. HP: 21/28 MP: 4/4
  2242 | D:3      | Found an ancient bone altar of Kikubaaqudgha.
  2485 | D:3      | Found an opulent altar of Gozag.
  2851 | D:4      | Reached skill level 5 in Maces & Flails
  2851 | D:4      | Reached XP level 5. HP: 27/32 MP: 5/5
  3110 | D:4      | Noticed Robin
  3142 | D:4      | Killed Robin
  3143 | D:4      | Reached skill level 6 in Maces & Flails
  3143 | D:4      | Reached XP level 6. HP: 11/37 MP: 6/6
  3496 | D:4      | Found a staircase to the Ecumenical Temple.
  3515 | D:4      | Found a one-way gate to the infinite horrors of the Abyss.
  3516 | D:4      | Found a corrupted altar of Lugonu.
  3831 | Temple   | Entered the Ecumenical Temple
  3837 | Temple   | Became a worshipper of Warmaster Okawaru
  3879 | D:5      | Entered Level 5 of the Dungeon
  4012 | D:5      | Reached skill level 7 in Maces & Flails
  4112 | D:5      | Reached * piety under Okawaru
  4113 | D:5      | Reached XP level 7. HP: 23/41 MP: 7/7
  4594 | D:6      | Noticed a steam dragon
  4604 | D:6      | Killed a steam dragon
  4605 | D:6      | Reached skill level 8 in Maces & Flails
  5137 | D:6      | Noticed Prince Ribbit
  5152 | D:6      | HP: 1/41 [Prince Ribbit (6)]
  5153 | D:6      | Killed Prince Ribbit
  5154 | D:6      | Reached skill level 9 in Maces & Flails
  5154 | D:6      | Reached XP level 8. HP: 1/46 MP: 8/8
  5403 | D:6      | Slain by an orc

Illustrated notes

Levels and vault maps discovered:
D:1:      dpeg_cavernosity, layout_basic, shapermc_ecumenical_altar_pompeii,
          grunt_decor_clamped
D:2:      layout_basic, hangedman_decor_diamond_cutter, minmay_rat_hole
D:3:      layout_loops_ring, lemuel_tele_altar, mainiacjoe_overflow_24_doors,
          minmay_liquid_box
D:4:      layout_cave_pods, minmay_temple_entry_grid,
          chequers_serial_rivers_small_a, minivault_19,
          ebering_dispersal_statue_hall, amcnicky_altar_lugonu_corruption,
          uniq_robin
D:5:      layout_rooms, chequers_jeans, grunt_ministairs_5
D:6:      layout_loops_corners, eino_small_chamber_without_monster,
          nicolae_elevator_lobby_plus, uniq_prince_ribbit1
Temple:   eino_narrow_crystal_temple

Skill      XL: |  1  2  3  4  5  6  7 |
---------------+----------------------+-----
Maces & Flails | 3 4 5 6 7 9 |  9.4
Fighting       | |  3.2
Armour         | |  3.2
Shields        | |  3.2

Action                     |  1- 3 |  4- 6 |  7- 9 || total
---------------------------+-------+-------+-------++-------
  Melee: Flail             |   176 |   231 |    36 ||   443
    Use: Scroll            |       |     4 |       ||     4
         Potion            |       |       |     3 ||     3
 Armour: Scale mail        |   103 |   100 |       ||   203
         Chain mail        |       |    88 |    26 ||   114
  Dodge: Dodged            |    95 |   106 |    19 ||   220
  Block: Buckler           |    38 |    79 |     8 ||   125

Table legend: (Time is in decaauts)
 A = Elapsed time spent in this place.
 B = Non-inter-level travel time spent in this place.
 C = Inter-level travel time spent in this place.
 D = Time resting spent in this place.
 E = Time spent auto-exploring this place.
 F = Levels seen in this place.
 G = Mean time per level.
                   A        B        C        D        E       F      G
               +--------+--------+--------+--------+--------+-----+--------+
         Total |   5473 |   5311 |    162 |    291 |   3890 |   7 |  781.9 |
       Dungeon |   5460 |   5298 |    162 |    291 |   3890 |   6 |  910.0 |
        Temple |     12 |     12 |      0 |      0 |      0 |   1 |   12.0 |
               +--------+--------+--------+--------+--------+-----+--------+

Top non-repeatable levels by time:
     D:2: 1252 daAuts
     D:4: 1083 daAuts
     D:6: 841 daAuts
     D:1: 825 daAuts
     D:3: 790 daAuts
     D:5: 668 daAuts
  Temple: 12 daAuts
